Map: Acropolis LE

Players

goblin

  • Race: Protoss Protoss
  • Spawn Location: 5:00

Elazer - Winner!

  • Race: Zerg Zerg
  • Spawn Location: 11:00

Event: 2019 WCS Summer

VOD

Have the link to the VOD?

Description

Time

  • Played on: July 12, 2019, 1:03 p.m.
  • Length: 9:16

All games in this series

Show
View Real Time Build Order
Export as new Build Order

goblin Protoss 

Build Orders: 1 Gate Expand 

Get SALT Encoding   

  12  0:00  Probe  
  13  0:12  Probe  
  14  0:19  Pylon  
  14  0:24  Probe  
  15  0:33  Probe  
  15  0:40  Gateway  
  15  0:41  Probe  
  16  0:49  Assimilator  
  17  0:52  Probe  
  19  1:04  Probe  
  19  1:17  Probe  
  20  1:22  Nexus  
  20  1:32  Cybernetics Core  
  20  1:34  Probe  
  21  1:40  Assimilator  
  21  1:47  Probe  
  22  1:49  Pylon  
  22  1:57  Probe  
  22  1:58  Stalker  
  23  2:05  Probe  
  23  2:14  Probe, Robotics Facility  
  26  2:19  Warp Gate  
  27  2:25  Probe  
  27  2:29  Adept  
  30  2:30  Probe  
  31  2:37  Probe  
  31  2:38  Probe  
  33  2:48  Probe  
  33  2:49  Probe  
  35  2:53  Warp Prism  
  35  3:00  Probe  
  35  3:02  Sentry  
  35  3:05  Probe  
  41  3:07  Pylon  
  42  3:12  Probe  
  42  3:17  Probe, Gateway  
  42  3:18  Immortal  
  43  3:25  Probe  
  44  3:30  Probe  
  49  3:37  Probe  
  49  3:39  Pylon  
  50  3:42  Forge  
  50  3:49  Immortal  
  50  3:53  Probe x2  
  56  4:05  Probe x2  
  56  4:06  Assimilator  
  56  4:08  Assimilator  
  56  4:09  Pylon  
  58  4:17  Probe  
  58  4:18  Protoss Ground Weapons Level 1  
  58  4:21  Pylon  
  59  4:25  Probe  
  59  4:26  Observer  
  59  4:29  Probe  
  62  4:32  Zealot, Adept  
  62  4:37  Probe  
  67  4:42  Probe  
  68  4:46  Nexus  
  68  4:47  Pylon  
  68  4:51  Immortal  
  72  4:55  Probe x2  
  70  5:12  Observer, Zealot, Adept  
  72  5:17  Twilight Council  
  72  5:18  Probe x2  
  72  5:20  Shield Battery  
  74  5:21  Immortal  
  72  5:30  Probe, Robotics Bay  
  72  5:31  Probe  
  78  5:42  Probe  
  79  5:43  Probe  
  79  5:44  Observer  
  79  5:48  Gateway  
  79  5:49  Sentry x2  
  84  5:50  Gateway  
  84  5:51  Pylon  
  84  5:54  Probe  
  84  5:55  Probe  
  84  5:56  Blink  
  86  6:06  Probe  
  86  6:07  Immortal  
  91  6:18  Extended Thermal Lance, Protoss Ground Weapons Level 2  
  91  6:19  Probe  
  91  6:20  Probe x2  
  91  6:22  Assimilator  
  91  6:23  Pylon  
  94  6:27  Assimilator  
  94  6:31  Probe, Colossus  
  94  6:32  Probe  
  96  6:44  Probe  
  103  6:52  Gateway  
  103  6:54  Gateway  
  103  6:55  Gateway  
  103  6:56  Sentry, Gateway  
  103  6:57  Sentry, Pylon  
  103  6:59  Probe  
  103  7:00  Probe  
  108  7:05  Observer, Pylon  
  108  7:06  Pylon  
  108  7:09  Probe  
  108  7:11  Probe  
  108  7:12  Colossus  
  110  7:18  Stalker, Sentry  
  110  7:20  Pylon x2  
  110  7:21  Pylon  
  120  7:38  Stalker x2  
  120  7:44  Gateway  
  124  7:45  Gateway  
  124  7:47  Pylon  
  124  7:58  Colossus  
  124  8:03  Stalker x5, Sentry  
  124  8:04  Stalker x2  
  145  8:29  Pylon, Nexus  
  145  8:34  Sentry  
  145  8:35  Stalker x3, Sentry  
  145  8:36  Stalker x3  
  161  8:53  Observer  
  130  8:57  Stalker x3  
  130  8:58  Stalker x4  
  130  8:59  Stalker  
  114  9:08  Stalker x2  
Show
View Real Time Build Order
Export as new Build Order

Elazer Zerg - Winner!

Build Orders: Hatch First 

Get SALT Encoding   

  12  0:00  Drone  
  13  0:12  Overlord  
  13  0:17  Drone  
  14  0:30  Drone x2  
  16  0:47  Hatchery  
  15  0:50  Drone  
  15  0:54  Drone  
  17  0:57  Drone  
  18  1:08  Extractor  
  17  1:12  Spawning Pool  
  17  1:16  Drone  
  17  1:19  Drone  
  18  1:28  Drone  
  19  1:38  Drone  
  20  1:50  Drone  
  21  1:59  Queen x2  
  21  2:00  Zergling x2, Overlord  
  26  2:10  Zergling x2  
  26  2:11  Drone  
  28  2:20  Drone  
  29  2:28  Hatchery  
  29  2:29  Drone  
  29  2:32  Drone  
  29  2:33  Drone  
  31  2:39  Queen  
  33  2:44  Overlord  
  33  2:46  Drone  
  34  2:53  Metabolic Boost, Drone  
  35  2:59  Drone  
  36  3:06  Drone  
  36  3:07  Drone x3  
  36  3:08  Drone x2  
  42  3:12  Overlord  
  42  3:19  Lair  
  42  3:24  Queen  
  44  3:31  Drone x4  
  44  3:33  Drone  
  49  3:37  Drone x2  
  49  3:38  Drone  
  52  3:42  Extractor  
  52  3:43  Extractor  
  52  3:45  Roach Warren  
  49  3:49  Drone x2  
  49  3:51  Drone  
  49  3:53  Drone  
  53  3:55  Overlord  
  53  3:57  Drone  
  53  4:01  Drone x2  
  56  4:06  Overlord  
  56  4:10  Zergling x4  
  56  4:12  Overlord  
  56  4:15  Overlord  
  58  4:17  Zergling x6  
  58  4:20  Zergling x2  
  58  4:22  Overlord  
  62  4:27  Glial Reconstitution, Overlord  
  62  4:30  Roach  
  64  4:34  Roach x2  
  64  4:38  Overlord  
  68  4:39  Roach  
  68  4:42  Overlord  
  68  4:44  Roach  
  72  4:48  Roach x2  
  72  4:52  Queen  
  78  4:55  Drone x2  
  79  5:02  Drone x5  
  79  5:04  Drone  
  80  5:07  Drone x3  
  80  5:12  Roach x2  
  85  5:16  Roach x2  
  88  5:21  Roach x2  
  88  5:22  Overlord  
  88  5:26  Extractor  
  88  5:27  Extractor  
  89  5:32  Overlord  
  89  5:35  Drone x5, Extractor  
  89  5:37  Hydralisk Den  
  89  5:39  Overlord  
  90  5:44  Drone x2  
  90  5:45  Overseer  
  90  5:47  Overlord  
  91  5:50  Drone  
  91  5:54  Drone  
  91  5:56  Drone x4  
  96  6:01  Drone x3, Evolution Chamber  
  98  6:04  Baneling Nest  
  98  6:05  Drone x2  
  98  6:08  Overlord  
  99  6:11  Drone x3  
  99  6:13  Drone  
  98  6:18  Grooved Spines  
  98  6:19  Drone x2  
  98  6:23  Overlord  
  98  6:25  Hydralisk  
  100  6:31  Hydralisk, Zerg Melee Weapons Level 1  
  104  6:33  Hydralisk  
  104  6:34  Hatchery  
  104  6:35  Hydralisk  
  107  6:40  Hydralisk x2  
  107  6:45  Hydralisk x3  
  115  6:49  Hydralisk  
  115  6:53  Hydralisk  
  115  6:54  Hydralisk x2  
  117  6:57  Overlord  
  117  7:00  Hydralisk x2  
  122  7:11  Hydralisk x4, Overlord  
  130  7:15  Overlord  
  130  7:19  Centrifical Hooks, Hydralisk  
  130  7:22  Hydralisk  
  132  7:27  Hydralisk x2  
  138  7:35  Hydralisk x3, Muscular Augments  
  142  7:41  Hydralisk x3  
  148  7:46  Pneumatized Carapace  
  148  7:51  Hydralisk  
  148  7:52  Hydralisk x3  
  148  7:57  Zergling x4  
  148  7:58  Zergling x6  
  159  8:04  Zergling x12  
  163  8:14  Zergling x16  
  163  8:19  Zergling x10  
  175  8:25  Baneling x8  
  175  8:29  Zergling x8  
  175  8:34  Baneling x9  
  179  8:43  Baneling x8  
  155  8:57  Zergling x4  
  155  8:58  Zergling x14  
Tags
 
Add a new tag
Caveats
  • Supply blocks, unpowered buildings, or Contaminate may cause inaccurate times.
  • Supply counts are checked every 10 seconds.